 Dungeon Crawl Stone Soup version 0.20.1-1-g8b1a95d (webtiles) character file.

97642 saplok the Geomancer (level 16, 0/142 HPs)
             Began as a Gargoyle Earth Elementalist on July 31, 2017.
             Was a High Priest of Vehumet.
             Slain by a profane servitor
             ... wielding a +3 demon whip of venom
              (1 damage)
             ... on level 3 of the Abyss on Aug 1, 2017.
             The game lasted 03:22:59 (36905 turns).

saplok the Geomancer (Gargoyle Earth Elementalist) Turns: 36905, Time: 03:23:02

Health: 0/142      AC: 31    Str: 18 (19) XL:     16   Next: 20%
Magic:  23/32      EV:  2    Int: 24 (26) God:    Vehumet [*****.]
Gold:   589        SH:  0    Dex:  8 (10) Spells: 17/40 levels left

rFire    + + .     SeeInvis .   i - +4 whip (flame)
rCold    + . .     Gourm    .   (no shield)
rNeg     + + +     Faith    .   (armour currently unavailable)
rPois    ∞         Spirit   .   (helmet currently unavailable)
rElec    +         Reflect  .   (cloak currently unavailable)
rCorr    +         Harm     .   (gloves currently unavailable)
MR       ++...     NoTele   +   (boots currently unavailable)
Stlth    ++........             (no amulet)
Regen    0.4/turn               F - ring "Dapiunum" {rF+ MR+}
MPRegen  0.3/turn               G - +3 ring of protection

@: mighty, brilliant, tree-form, resistant, hasted, wreathed by umbra, quick
A: negative energy resistance 1, petrification resistance, rot immunity, AC +11
a: Renounce Religion


You were on level 3 of the Abyss.
You worshipped Vehumet.
Vehumet was extremely pleased with you.
You were not hungry.
You were a tree.
You visited 5 branches of the dungeon, and saw 21 of its levels.
You visited the Abyss 1 time.

You collected 1819 gold pieces.
You spent 1230 gold pieces at shops.

Inventory:

Hand Weapons
 i - a +4 whip of flaming (weapon)
 I - a +1 morningstar of protection
Missiles
 b - 147 stones (quivered)
Armour
 h - a +0 shield of reflection
 l - a +2 robe of magic resistance
 r - a +2 pair of gloves (melded)
 s - the +2 chain mail of Ymehuo Ihiom {MR- Dex+5 SInv}
   (You bought it in a shop on level 2 of the Orcish Mines)

   It affects your dexterity (+5).
   It affects your resistance to hostile enchantments.
   It lets you see invisible.
 x - the +3 plate armour "Siur" {+Inv MR++ Dex-2}
   (You found it on level 3 of the Lair of Beasts)

   It affects your dexterity (-2).
   It affects your resistance to hostile enchantments.
   It lets you turn invisible.
 J - a +0 robe of fire resistance
 K - the +1 helmet of Listlessness (melded) {Regen+ SInv Stlth-}
   (You found it on level 9 of the Dungeon)

   It lets you see invisible.
   It increases your rate of regeneration.
   It makes you less stealthy.
 L - +1 acid dragon scales (melded)
 N - a scarf of resistance (melded)
 Y - a +1 troll leather armour {Snorg}
 Z - a +3 chain mail
Magical Staves
 t - an uncursed staff of wizardry
Jewellery
 z - an uncursed ring of protection from cold
 F - the ring "Dapiunum" (left branch) {rF+ MR+}
   (You found it on level 8 of the Dungeon)

   [ring of protection from fire]

   It protects you from fire.
   It affects your resistance to hostile enchantments.
 G - a +3 ring of protection (right branch)
 R - an uncursed ring of stealth
 S - the amulet of Eginu {+Rage +Inv MR- Str+2}
   (You found it on level 1 of the Lair of Beasts)

   [amulet of rage]

   It affects your strength (+2).
   It affects your resistance to hostile enchantments.
   It lets you turn invisible.
   It lets you go berserk.
 W - an uncursed ring of protection from magic
Wands
 f - a wand of acid (1/15)
 V - a wand of iceblast (4/15)
 X - a wand of clouds (0/9)
Scrolls
 u - 8 scrolls of remove curse
 v - 4 scrolls of magic mapping
 y - 4 scrolls of amnesia
 C - 2 scrolls of enchant armour
 Q - 5 scrolls of fear
Potions
 a - 2 potions of invisibility
 n - a potion of cancellation
 T - 3 potions of agility
 U - a potion of lignification
Books
 e - a book of Geomancy

   Spells                             Type                      Level
   a - Sandblast                      Earth                        1
   b - Passwall                       Transmutation/Earth          2
   c - Stone Arrow                    Conjuration/Earth            3
   d - Petrify                        Transmutation/Earth          4
   e - Lee's Rapid Deconstruction     Earth                        5
 q - a book of Air

   Spells                             Type                      Level
   a - Shock                          Conjuration/Air              1
   b - Swiftness                      Charms/Air                   2
   c - Static Discharge               Conjuration/Air              3
   d - Airstrike                      Air                          4
   e - Lightning Bolt                 Conjuration/Air              5
Miscellaneous
 M - a lamp of fire
 P - a phial of floods (inert)
Comestibles
 d - 10 bread rations
 m - 5 meat rations
 o - 9 royal jellies
 H - 5 fruits


   Skills:
 - Level 8.9 Fighting
 - Level 8.4 Maces & Flails
 - Level 9.4 Armour
 - Level 6.1 Dodging
 - Level 2.1 Stealth
 + Level 9.9 Shields
 - Level 12.7 Spellcasting
 - Level 10.4 Conjurations
 - Level 0.7 Transmutations
 - Level 13.5 Earth Magic
 - Level 8.8 Evocations


You had 17 spell levels left.
You knew the following spells:

 Your Spells              Type           Power        Failure   Level  Hunger
a - Sandblast             Erth           ######       0%          1    None
b - Stone Arrow           Conj/Erth      ######       1%          3    None
c - Lee's Rapid Deconstr  Erth           #######...   1%          5    ###....
d - Petrify               Tmut/Erth      ######..     1%          4    None
e - Passwall              Tmut/Erth      ######....   1%          2    None
f - Iron Shot             Conj/Erth      ######....   1%          6    #####..
g - Swiftness             Chrm/Air       ####....     1%          2    None


Dungeon Overview and Level Annotations

Branches:
Dungeon (13/15)            Temple (1/1) D:5            Lair (4/6) D:10
  Snake (0/4) Lair:3          Orc (2/2) D:12            Elf (1/3) Orc:2
  Swamp: Lair:2-4    Shoals: Lair:2-4    Vaults: D:13-14

Altars:
Ashenzari
Dithmenos
Fedhas
Gozag
Hepliaklqana
Kikubaaqudgha
Makhleb
Nemelex Xobeh
Qazlal
Sif Muna
Uskayaw
Vehumet
Yredelemnul
Zin
The Shining One

Shops:
D:12 [   Orc:2 ([*:

Annotations:
D:3 Toogi's ghost, amateur MiCK


Innate Abilities, Weirdness & Mutations

You are resistant to torment.
((Your stone body is resilient. (AC +11)))
You are immune to poison.
((Your large and strong wings let you fly indefinitely.))
You resist negative energy. (rN+)
((You are resistant to electric shocks. (rElec)))
((You can survive without breathing.))
You are immune to petrification.
You are immune to rotting.


Message History

It was a potion of flight.
Your roots keep you in place.
Your water elemental completely misses the profane servitor.
The profane servitor hits you with a demon whip of venom!
* * * LOW HITPOINT WARNING * * *
The profane servitor hits you but does no damage.
Something barely misses your water elemental.
A blink frog comes into view.
It was a potion of magic.
Magic courses through your body.
The blink frog blinks!
The profane servitor hits you but does no damage.
The profane servitor hits you with a demon whip of venom.
* * * LOW HITPOINT WARNING * * *
Your water elemental barely misses the profane servitor.
It was a potion of degeneration.
There was something very wrong with that liquid.
You feel weakened.
You feel dopey.
You feel clumsy.
The profane servitor hits you with a demon whip of venom.
* * * LOW HITPOINT WARNING * * *
The profane servitor hits you with a demon whip of venom.
You die...

.# . ### #.
..# #. #.
#.# ..
#..#.# .#
#.#.# .# #
#.♣##.#
##### #.A#
.# #..
###E≈####
..# ##.§≈
..# #
#..##.##..#
..§X..##
#... #
#.#.§ .
#..#.#..# #
.### #
##...# #.#
###


You could see a profane servitor and a friendly water elemental.

Vanquished Creatures
  Frances (D:13)
  Donald (Orc:2)
  3 orc warlords (Orc:1)
  Azrael (D:13)
  Snorg (Orc:1)
  A deep elf high priest (Elf:1)
  Josephine (D:13)
  6 hydras
  A catoblepas (Lair:2)
  A centaur warrior (D:11)
  7 two-headed ogres
  4 dancing weapons (Elf:1)
  3 death yaks (D:10)
  3 orc high priests (Orc:2)
  A tengu warrior (D:13)
  Urug (Orc:1)
  9 deep elf knights
  The ghost of SlightEye the Covert, a novice OpAs of Dithmenos (D:7)
  3 deep elf archers (Elf:1)
  Pikel (D:6)
  An unseen horror (D:10)
  4 orc knights
  36 deep elf magi
  4 orc sorcerers (Orc:2)
  An ugly thing (D:13)
  2 cyclopes
  An orb spider (Abyss:3)
  2 manticores
  An elephant (Lair:2)
  2 black mambas
  Joseph (D:7)
  4 spiny frogs
  4 centaur skeletons
  2 rime drakes (Lair:1)
  A komodo dragon (Lair:2)
  An efreet (D:12)
  A tengu conjurer (D:13)
  6 trolls
  A raiju (Abyss:3)
  8 slime creatures
  Grinder (D:6)
  A dream sheep (Lair:2)
  11 blink frogs
  8 hippogriffs
  A shadow (D:12)
  53 yaks
  7 wraiths
  4 hogs (D:7)
  A human (D:7)
  3 basilisks
  2 wyverns
  6 fire elementals
  2 hungry ghosts (D:7)
  9 vampire mosquitoes
  Menkaure (D:6)
  3 nagas (Lair:3)
  9 wargs
  2 acid dragons
  8 water moccasins
  3 hell hounds
  47 orc warriors
  7 porcupines
  A black bear (D:13)
  6 ice beasts
  3 phantoms
  A slave (D:6)
  7 sky beasts
  An eye of draining (D:12)
  13 ogres
  A necrophage (D:13)
  10 centaurs
  4 wolves (Lair:3)
  5 crocodiles
  16 bullfrogs
  4 big kobolds
  A gnoll sergeant (D:9)
  11 scorpions
  2 water moccasin skeletons
  A small abomination (Abyss:3)
  10 killer bees
  15 wights
  An electric eel (Lair:2)
  8 howler monkeys
  6 crimson imps
  8 jellies
  27 orc priests
  A centaur zombie (D:6)
  10 hounds
  A gnoll shaman (Orc:1)
  2 bullfrog skeletons
  3 iguanas
  39 orc wizards
  A hell rat (D:10)
  9 worker ants
  A hound zombie (D:8)
  A worker ant zombie (D:9)
  A howler monkey skeleton (D:5)
  12 adders
  14 gnolls
  3 shadow imps
  4 oozes
  3 adder skeletons
  A worm (D:3)
  8 leopard geckos
  100 orcs
  11 bats
  5 giant cockroaches
  10 hobgoblins
  14 jackals
  6 quokkas
  A ball python zombie (D:5)
  6 frilled lizards
  6 goblins
  30 kobolds
  A quokka skeleton (D:8)
  10 rats
  A starspawn tentacle (Abyss:3)
799 creatures vanquished.

Vanquished Creatures (collateral kills)
  3 yaks (Lair:1)
3 creatures vanquished.

Vanquished Creatures (others)
  A yak (D:13)
  3 slaves (D:6)
  3 big kobolds (D:6)
  2 oozes (D:6)
  A leopard gecko (D:6)
  An orc (D:6)
  4 kobolds (D:6)
  8 fungi
  10 plants
  A starspawn tentacle (Abyss:3)
  11 toadstools (D:6)
45 creatures vanquished.

Grand Total: 847 creatures vanquished

Notes
Turn   | Place    | Note
-------+----------+-------------------------------------------
     0 | D:1      | saplok the Gargoyle Earth Elementalist began the quest for the Orb.
     0 | D:1      | Reached XP level 1. HP: 10/10 MP: 3/3
   199 | D:1      | Reached skill level 4 in Earth Magic
   223 | D:1      | Reached XP level 2. HP: 5/15 MP: 0/5
  1184 | D:2      | Reached XP level 3. HP: 10/19 MP: 1/6
  1493 | D:2      | Found a burning altar of Makhleb.
  1516 | D:2      | Reached XP level 4. HP: 24/24 MP: 4/8
  2181 | D:3      | Learned a level 3 spell: Stone Arrow
  2566 | D:3      | Noticed Toogi's ghost (amateur MiCK)
  3207 | D:3      | Reached XP level 5. HP: 22/28 MP: 1/10
  3219 | D:3      | Reached skill level 5 in Earth Magic
  4005 | D:4      | Reached XP level 6. HP: 32/32 MP: 8/12
  4042 | D:4      | Learned a level 5 spell: Lee's Rapid Deconstruction
  4194 | D:4      | Reached skill level 1 in Conjurations
  4215 | D:4      | Reached skill level 5 in Spellcasting
  4684 | D:4      | Reached XP level 7. HP: 19/36 MP: 9/15
  4956 | D:4      | Reached skill level 6 in Earth Magic
  5364 | D:5      | Entered Level 5 of the Dungeon
  5405 | D:5      | Found an opulent altar of Gozag.
  5769 | D:5      | Reached XP level 8. HP: 42/42 MP: 7/17
  5781 | D:5      | Found a staircase to the Ecumenical Temple.
  5798 | Temple   | Entered the Ecumenical Temple
  5890 | Temple   | Became a worshipper of Vehumet
  6416 | D:6      | Noticed Pikel
  6952 | D:6      | Killed Pikel
  6952 | D:6      | Reached skill level 7 in Earth Magic
  6952 | D:6      | Reached skill level 1 in Evocations
  7199 | D:6      | Noticed Menkaure
  7219 | D:6      | Killed Menkaure
  7219 | D:6      | Reached XP level 9. HP: 38/46 MP: 7/21
  7391 | D:6      | Noticed Grinder
  7399 | D:6      | Killed Grinder
  7735 | D:6      | Reached skill level 8 in Earth Magic
  8249 | D:7      | Found a hide-covered altar of Uskayaw.
  8301 | D:7      | Reached * piety under Vehumet
  8301 | D:7      | Offered knowledge of Sting by Vehumet.
  8491 | D:7      | Reached skill level 1 in Armour
  8627 | D:7      | Noticed SlightEye's ghost (novice OpAs)
  8727 | D:7      | Killed SlightEye's ghost
  8727 | D:7      | Reached skill level 9 in Earth Magic
  8727 | D:7      | Reached XP level 10. HP: 51/51 MP: 4/23
  8880 | D:7      | Reached skill level 5 in Conjurations
  9023 | D:7      | Noticed Joseph
  9037 | D:7      | Killed Joseph
  9037 | D:7      | Reached skill level 10 in Spellcasting
  9592 | D:7      | Reached ** piety under Vehumet
  9596 | D:7      | Offered knowledge of Magic Dart by Vehumet.
  9761 | D:7      | Found a deep blue altar of Sif Muna.
 10174 | D:8      | Reached skill level 1 in Maces & Flails
 10261 | D:8      | Got a shimmering marble ring
 10267 | D:8      | Identified the ring "Dapiunum" {rF+ MR+} (You found it on level 8 of the Dungeon)
 10364 | D:8      | Noticed a two-headed ogre
 10370 | D:8      | Killed a two-headed ogre
 10370 | D:8      | Reached skill level 1 in Fighting
 10533 | D:8      | Noticed a two-headed ogre
 10546 | D:8      | Killed a two-headed ogre
 10546 | D:8      | Reached XP level 11. HP: 54/56 MP: 15/25
 10814 | D:8      | Found a blossoming altar of Fedhas.
 10956 | D:8      | Reached skill level 10 in Earth Magic
 11600 | D:9      | Noticed a two-headed ogre
 11612 | D:9      | Killed a two-headed ogre
 11644 | D:9      | Offered knowledge of Static Discharge by Vehumet.
 11824 | D:9      | Got a jewelled helmet
 11836 | D:9      | Identified the +1 helmet of Listlessness {Regen+ SInv Stlth-} (You found it on level 9 of the Dungeon)
 11854 | D:9      | Reached skill level 5 in Armour
 12313 | D:9      | Reached *** piety under Vehumet
 12477 | D:9      | Noticed a two-headed ogre
 12480 | D:9      | Killed a two-headed ogre
 12690 | D:9      | Found a shattered altar of Ashenzari.
 12694 | D:9      | Saw a vision of the Swamp and the Snake Pit.
 12694 | D:9      | Noticed a mana viper
 12694 | D:9      | Noticed a naga warrior
 12694 | D:9      | Noticed an anaconda
 12694 | D:9      | Noticed an alligator
 12695 | D:9      | Noticed a shock serpent
 12785 | D:9      | Found a glowing golden altar of the Shining One.
 12789 | D:9      | Found a stormy altar of Qazlal.
 12879 | D:9      | Found Miuxar's Food Shop.
 12923 | D:9      | Bought a meat ration for 70 gold pieces
 12923 | D:9      | Bought a bread ration for 70 gold pieces
 12923 | D:9      | Bought a meat ration for 70 gold pieces
 12923 | D:9      | Bought a meat ration for 70 gold pieces
 12923 | D:9      | Bought a meat ration for 70 gold pieces
 12923 | D:9      | Bought 4 fruits for 84 gold pieces
 12923 | D:9      | Bought a fruit for 21 gold pieces
 13027 | D:9      | Offered knowledge of Inner Flame by Vehumet.
 13206 | D:9      | Reached skill level 5 in Evocations
 13598 | D:10     | Entered Level 10 of the Dungeon
 13618 | D:10     | Noticed a death yak
 13619 | D:10     | Noticed a death yak
 13627 | D:10     | Noticed a death yak
 13632 | D:10     | Killed a death yak
 13651 | D:10     | Found a staircase to the Lair.
 13730 | D:10     | Reached **** piety under Vehumet
 13731 | D:10     | Killed a death yak
 13731 | D:10     | Reached XP level 12. HP: 66/66 MP: 7/27
 13736 | D:10     | Killed a death yak
 13790 | D:10     | Reached skill level 11 in Earth Magic
 14907 | Lair:1   | Entered Level 1 of the Lair of Beasts
 15043 | Lair:1   | Offered knowledge of Iskenderun's Battlesphere by Vehumet.
 15247 | Lair:1   | Got a twitching bronze amulet
 16222 | Lair:1   | Reached skill level 5 in Fighting
 16452 | Lair:1   | Reached skill level 5 in Maces & Flails
 16584 | Lair:1   | Noticed a four-headed hydra
 16594 | Lair:1   | Killed a four-headed hydra
 16711 | Lair:1   | Learned a level 4 spell: Petrify
 16714 | Lair:1   | Learned a level 2 spell: Passwall
 17415 | Lair:2   | Reached XP level 13. HP: 73/73 MP: 21/28
 17606 | Lair:2   | Identified the amulet of Eginu {+Rage +Inv MR- Str+2} (You found it on level 1 of the Lair of Beasts)
 17934 | Lair:2   | Reached ***** piety under Vehumet
 17934 | Lair:2   | Offered knowledge of Venom Bolt by Vehumet.
 18950 | Lair:3   | Found a staircase to the Snake Pit.
 19095 | Lair:3   | Reached skill level 12 in Earth Magic
 19229 | Lair:3   | Got a steaming plate armour
 19241 | Lair:3   | Identified the +3 plate armour "Siur" {+Inv MR++ Dex-2} (You found it on level 3 of the Lair of Beasts)
 22107 | D:12     | Found a staircase to the Orcish Mines.
 22169 | D:12     | Found Irie's Armour Boutique.
 22421 | D:12     | Gained mutation: Your large and strong wings let you fly indefinitely. [Gargoyle growth]
 22421 | D:12     | Reached XP level 14. HP: 80/80 MP: 5/30
 22902 | D:12     | Found a stormy altar of Qazlal.
 23587 | Orc:1    | Entered Level 1 of the Orcish Mines
 24161 | Orc:2    | Entered Level 2 of the Orcish Mines
 24309 | Orc:2    | Noticed an orc warlord
 24323 | Orc:1    | Noticed Urug
 24327 | Orc:1    | Noticed Snorg
 24344 | Orc:1    | Killed Urug
 24348 | Orc:1    | Killed Snorg
 24644 | Orc:1    | Killed an orc warlord
 25071 | Orc:2    | Found a staircase to the Elven Halls.
 25156 | Orc:2    | Noticed an orc warlord
 25162 | Orc:2    | Reached skill level 5 in Dodging
 25232 | Orc:2    | Reached ****** piety under Vehumet
 25889 | Orc:2    | Noticed an orc warlord
 26829 | D:13     | Offered knowledge of Iron Shot by Vehumet.
 26837 | D:13     | Learned a level 6 spell: Iron Shot
 27526 | D:13     | Noticed Josephine
 27531 | D:13     | Killed Josephine
 27702 | D:13     | Noticed Frances
 27905 | D:12     | Reached skill level 13 in Earth Magic
 28294 | D:13     | Killed Frances
 28517 | D:13     | Noticed Azrael
 28842 | D:13     | Reached XP level 15. HP: 87/88 MP: 7/31
 28970 | D:13     | Reached skill level 10 in Conjurations
 29295 | D:13     | Killed Azrael
 29295 | D:13     | Reached skill level 1 in Shields
 30237 | Orc:1    | Killed an orc warlord
 30497 | Orc:1    | Offered knowledge of Bolt of Draining by Vehumet.
 32809 | Orc:2    | Found Erchemiti's Antique Armour Emporium.
 32819 | Orc:2    | Found Loadghorgh's Antique Weapon Shoppe.
 32821 | Orc:2    | Found Rebryl's General Store.
 32821 | Orc:2    | Found Cagicik's Book Emporium.
 32863 | Orc:2    | Bought a book of Air for 595 gold pieces
 32879 | Orc:2    | Learned a level 2 spell: Swiftness
 32895 | Orc:2    | Bought a brightly glowing chain mail for 180 gold pieces
 32908 | Orc:2    | Identified the +2 chain mail of Ymehuo Ihiom {MR- Dex+5 SInv} (You bought it in a shop on level 2 of the Orcish Mines)
 33372 | Elf:1    | Entered Level 1 of the Elven Halls
 33569 | Elf:1    | Noticed Donald
 33781 | Orc:1    | Killed an orc warlord
 33970 | Orc:2    | Killed Donald
 34798 | Elf:1    | Reached skill level 5 in Shields
 35295 | Elf:1    | Offered knowledge of Bolt of Fire by Vehumet.
 35742 | Elf:1    | Reached XP level 16. HP: 95/95 MP: 13/32
 36626 | Elf:1    | Cast into level 3 of the Abyss (a deep elf sorcerer)
 36743 | Abyss:3  | Noticed a tentacled starspawn
 36872 | Abyss:3  | Noticed a profane servitor
 36903 | Abyss:3  | HP: 7/142 [profane servitor/demon whip of venom (12)]
 36905 | Abyss:3  | HP: 1/142 [profane servitor/demon whip of venom (3)]
 36905 | Abyss:3  | Slain by a profane servitor

Skill      XL: |  1  2  3  4  5  6  7  8  9 10 11 12 13 14 15 16 |
---------------+-------------------------------------------------+-----
Earth Magic    | 4 5 6 7 9 10 11 12 13 | 13.5
Spellcasting   | 3 4 5 6 8 9 10 11 12 | 12.7
Conjurations   | 1 2 3 4 5 6 8 9 10 | 10.4
Evocations     | 1 2 4 5 6 7 8 |  8.8
Armour         | 2 4 6 7 8 9 |  9.4
Maces & Flails | 1 3 5 6 7 8 |  8.4
Fighting       | 1 4 5 6 8 |  8.9
Dodging        | 2 4 5 6 |  6.1
Shields        | 8 9 |  9.9
Stealth        | |  2.1
Transmutations | |  0.7

Action                   |  1- 3 |  4- 6 |  7- 9 | 10-12 | 13-15 | 16-18 || total
-------------------------+-------+-------+-------+-------+-------+-------++-------
Melee: Unarmed           |     1 |       |     1 |       |       |       ||     2
       Whip              |       |       |    43 |   467 |   796 |    16 ||  1322
Throw: Stone             |     4 |       |       |       |     1 |       ||     5
 Cast: Sandblast         |    29 |    96 |    89 |    70 |   208 |    13 ||   505
       Stone Arrow       |       |     7 |    61 |   253 |   391 |    39 ||   751
       Lee's Rapid Decon |       |       |     2 |    14 |    74 |     6 ||    96
       Petrify           |       |       |       |       |    34 |       ||    34
       Iron Shot         |       |       |       |       |   170 |    20 ||   190
       Swiftness         |       |       |       |       |     1 |       ||     1
Evoke: Wand              |       |     7 |     4 |     8 |     6 |     1 ||    26
       Lamp of fire      |       |       |       |       |     2 |       ||     2
       Phial of floods   |       |       |       |       |     1 |     1 ||     2
  Use: Scroll            |     2 |     5 |     7 |    14 |     6 |     2 ||    36
       Potion            |       |       |       |     5 |     8 |     9 ||    22
  Eat: Chunk             |     2 |    10 |     6 |    30 |    76 |     8 ||   132
       Fruit             |       |       |     5 |       |     3 |       ||     8
       Meat ration       |       |       |     1 |       |     5 |       ||     6
       Bread ration      |       |       |       |     1 |     2 |     1 ||     4
       Royal jelly       |       |       |       |       |     4 |       ||     4
Armor: Robe              |    13 |    31 |    57 |   288 |   388 |       ||   777
       Acid dragon scale |       |       |       |       |   187 |    64 ||   251
       Skin              |       |       |       |       |       |     4 ||     4
Dodge: Dodged            |    26 |    44 |    67 |   396 |   712 |    50 ||  1295
